 Dungeon Crawl Stone Soup version 0.30.1-11-g7821555f0a (webtiles) character file.

Game seed: 17996624043928855505

73 rayz the Magician (level 4, -1/31 HPs)
             Began as a Djinni Fire Elementalist on Nov 22, 2023.
             Slain by a gnoll
             ... wielding a +0 spear
              (8 damage)
             ... on level 2 of the Dungeon.
             The game lasted 00:10:25 (1252 turns).

rayz the Magician (Djinni Fire Elementalist)        Turns: 1252, Time: 00:10:25

Health: -1/31      AC:  3    Str:  7    XL:     4   Next: 51%
Gold:   57         EV: 11    Int: 18    God:
                   SH:  3    Dex: 14

rFire   + + .        c - +5 dagger
rCold   x . .        e - +0 buckler
rNeg    . . .        a - +0 robe
rPois   ∞            (no helmet)
rElec   .            h - +0 cloak
rCorr   .            (no gloves)
SInv    .            (boots unavailable)
Will    .....        (no amulet)
Stlth   ++           (no ring)
HPRegen 0.25/turn    (no ring)
MPRegen 0.00/turn

%: infuse magic (-2 HP)
@: flying, very slightly contaminated
A: sickness immunity, fire resistance 2, cold vulnerability 1, float, innate
caster, HP casting, extra vitality 1
a: no special abilities


You were on level 2 of the Dungeon.
You visited 1 branch of the dungeon, and saw 2 of its levels.

You collected 57 gold pieces.

Inventory:

Hand Weapons
 c - a +5 dagger (weapon)
 g - a +2 dagger of holy wrath
Armour
 a - a +0 robe (worn)
 e - a +0 buckler (worn)
 h - a +0 cloak (worn)
Scrolls
 j - a scroll of silence
 l - a scroll of poison
 m - 2 scrolls of identify
Potions
 b - a potion of cancellation {unknown}
 d - a potion of mutation {unknown}
 f - 2 potions of attraction {unknown}
 i - a potion of curing {unknown}
 k - a potion of heal wounds {unknown}


   Skills:
 + Level 0.3 Fighting
 + Level 2.5 Dodging
 + Level 1.9 Stealth
 + Level 3.6 Spellcasting


You knew the following spells:

 Your Spells              Type           Power      Damage    Failure   Level
a - Foxfire               Conj/Fire      64%        2x1d7     6%          1
b - Scorch                Fire           32%        2d6       9%          2
c - Volatile Blastmotes   Fire/Tloc      32%        2d12      17%         3
d - Inner Flame           Hex/Fire       16%        N/A       17%         3
e - Flame Wave            Conj/Fire      16%        2d7       50%         4
f - Sandblast             Erth           32%        2d9       6%          1
Your spell library was empty.

Dungeon Overview and Level Annotations

Branches:
Dungeon (2/15)

Altars:


Innate Abilities, Weirdness & Mutations

You are immune to sickness and miasma.
You are immune to poison.
Your flesh is very heat resistant. (rF++)
You are vulnerable to cold. (rC-)
You float through the air rather than walking.
You learn spells naturally, not from books.
Your magical power is your life essence.
You have superior vitality. (+4 MHP)


Message History

The gnoll shouts!
Okay, then.
You reach down and close the door.
A gnoll breaks down the door.
The gnoll attacks as you move away! You block the gnoll's attack.
Casting: Foxfire (safe; 6% risk of failure)
Confirm with . or Enter, or press ? or * to list all spells.
You conjure some foxfire!
The foxfire hits the gnoll.
The gnoll is moderately wounded.
The foxfire hits the gnoll.
The gnoll is heavily wounded.
Casting: Foxfire (safe; 6% risk of failure)
Confirm with . or Enter, or press ? or * to list all spells.
You conjure some foxfire!
The gnoll hits you from afar with a +0 spear.
The gnoll misses you. The gnoll attacks as you move away!
The gnoll hits you with a +0 club.
The foxfire hits the gnoll.
The gnoll is severely wounded.
The foxfire hits the gnoll.
The gnoll is almost dead.
Casting: Foxfire (safe; 6% risk of failure)
Confirm with . or Enter, or press ? or * to list all spells.
You miscast Foxfire.
You are very lightly contaminated with residual magic.
Nothing appears to happen.
The gnoll shouts!
The gnoll hits you from afar with a +0 spear.
Casting: Foxfire (safe; 6% risk of failure)
Confirm with . or Enter, or press ? or * to list all spells.
You miscast Foxfire.
Nothing appears to happen.
The gnoll misses you. The gnoll hits you with a +0 club.
The gnoll attacks as you move away! The gnoll hits you with a +0 club.
* * * LOW HITPOINT WARNING * * *
Casting: Foxfire (safe; 6% risk of failure)
Confirm with . or Enter, or press ? or * to list all spells.
You conjure some foxfire!
* * * LOW HITPOINT WARNING * * *
The gnoll hits you from afar with a +0 spear!
You die...

##.#.....###.....
#..#..gg###.....#
###..'...###.....##
#....#..## ###'####
#######.##.#.###.#.....#.
........#.g####..#....†#.
........gg.# #...'.....).
........v..##....#.....#.
........@g.#.....#.....#.
........v..#.... ###+####
.........#.+...# #
.........#.#..# ##
#.######...#.# ##. #.
#....# ##.. #....# #...
#.....# #######† ##
#....... ........


You could see 4 gnolls.

Vanquished Creatures
  A gnoll (D:1)
  An adder (D:2)
  A worm (D:2)
  2 dart slugs
  8 ball pythons
  3 bats
  3 endoplasms
  2 giant cockroaches (D:1)
  4 goblins
  8 hobgoblins
  4 kobolds
  2 quokkas
  A frilled lizard (D:1)
  3 rats
43 creatures vanquished.

Vanquished Creatures (others)
  72 foxfires
72 creatures vanquished.

Grand Total: 115 creatures vanquished

Notes
Turn   | Place    | Note
-------+----------+-------------------------------------------
     0 | D:1      | rayz the Djinni Fire Elementalist began the quest for the
                  | Orb.
     0 | D:1      | rayz set off with the following spells memorised: Foxfire,
                  | Scorch, Volatile Blastmotes, Inner Flame, Flame Wave.
     0 | D:1      | Reached XP level 1. HP: 15/15 MP: 0/0
    94 | D:1      | Reached XP level 2. HP: 12/21 MP: 0/0
   238 | D:1      | Reached skill level 3 in Spellcasting
   238 | D:1      | Reached XP level 3. HP: 24/25 MP: 0/0
   238 | D:1      | Learned a level 1 spell: Sandblast
   913 | D:2      | Reached XP level 4. HP: 27/31 MP: 0/0
  1252 | D:2      | Slain by a gnoll

Illustrated notes

Levels and vault maps discovered:
D:1:      scummos_arrival_checkerplants, layout_basic
D:2:      layout_basic, hangedman_decor_push, minmay_quadrilaterals, uniq_robin

Skill      XL: |  1  2 |
---------------+-------+-----
Spellcasting   | 3 |  3.6
Fighting       | |  0.3
Dodging        | |  2.5
Stealth        | |  1.9

Action                     |  1- 3 |  4- 6 || total
---------------------------+-------+-------++-------
  Melee: Mace              |     3 |       ||     3
         Unarmed           |     2 |       ||     2
         Dagger            |    10 |     4 ||    14
   Cast: Foxfire           |    31 |    11 ||    42
         Scorch            |     3 |     4 ||     7
         Sandblast         |       |     1 ||     1
         Inner Flame       |       |     1 ||     1
    Use: Scroll            |     2 |     3 ||     5
 Armour: Robe              |    14 |       ||    14
  Dodge: Dodged            |    32 |     7 ||    39
  Block: Buckler           |     1 |     4 ||     5
